 Dungeon Crawl Stone Soup version 0.29-a0-284-gf9362112df (webtiles) character file.

Game seed: 3895993020167495434

914 iguanaiguana the Ducker (level 8, 0/99 HPs)
             Began as a Gnoll Wanderer on Mar 21, 2022.
             Was a Believer of Kikubaaqudgha.
             Succumbed to a gnoll sergeant's poison
             ... on level 4 of the Dungeon.
             The game lasted 00:17:05 (5698 turns).

iguanaiguana the Ducker (Gnoll Wanderer)            Turns: 5698, Time: 00:17:05

Health: 0/99       AC: 24    Str: 12    XL:     8   Next: 9%
Magic:  16/16      EV:  2    Int: 14    God:    Kikubaaqudgha [**....]
Gold:   42         SH:  6    Dex: 11    Spells: 15/18 levels left

rFire   . . .      SeeInvis .   n - +2 short sword (freeze)
rCold   . . .      Faith    .   B - +2 buckler {reflect}
rNeg    . . .      Spirit   +   (body armour currently unavailable)
rPois   +          Reflect  +   (helmet currently unavailable)
rElec   .          Harm     .   (cloak currently unavailable)
rCorr   .          Rampage  .   (gloves currently unavailable)
Will    .....      NoTele   +   (boots currently unavailable)
Stlth   ++........              s - amulet of guardian spirit
HPRegen 0.26/turn               (no ring)
MPRegen 0.15/turn               (no ring)

@: mighty, lethally poisoned (0 -> -6), tree-form, very slightly contaminated,
hasted, very quick
A: stationary, stasis, torment immunity, boosted hp, (fangs 1), strong nose,
distributed training, (antennae 1), clever 1, clumsy 1, robust 1
a: Renounce Religion, Receive Corpses


You were on level 4 of the Dungeon.
You worshipped Kikubaaqudgha.
Kikubaaqudgha was pleased with you.
You were a tree.
You visited 1 branch of the dungeon, and saw 5 of its levels.

You collected 244 gold pieces.
You spent 202 gold pieces at shops.

Inventory:

Hand Weapons
 a - a +0 hand axe
 n - a +2 short sword of freezing (weapon)
 t - a +0 spectral quarterstaff
Missiles
 b - 6 poisoned darts (quivered)
 d - 98 stones
 g - 2 throwing nets
Armour
 e - a +0 leather armour (melded)
 u - a scarf of resistance (melded)
 y - a +0 pair of boots (melded)
 A - a +1 helmet of intelligence (melded)
 B - a +2 buckler of reflection (worn)
Jewellery
 k - a ring of ice
 s - an amulet of guardian spirit (around neck)
 E - a ring of magical power
Wands
 q - a wand of mindburst (6)
Scrolls
 f - a scroll of enchant armour
 j - a scroll of teleportation {@r3}
 l - a scroll of immolation {unknown}
 m - a scroll of magic mapping {unknown}
 o - a scroll of vulnerability {unknown}
 r - 2 scrolls of fog {unknown}
 v - 3 scrolls of fear
 w - 2 scrolls of identify {unknown}
Potions
 c - 3 potions of attraction
 h - 3 potions of cancellation
 i - 2 potions of brilliance
 z - a potion of magic


   Skills:
 + Level 4.0 Fighting
 + Level 2.9 Short Blades
 + Level 2.9 Long Blades
 + Level 4.0 Axes
 + Level 2.9 Maces & Flails
 + Level 2.9 Polearms
 + Level 2.9 Staves
 + Level 2.9 Slings
 + Level 2.9 Bows
 + Level 2.9 Crossbows
 + Level 2.9 Throwing
 + Level 4.0 Armour
 + Level 7.2 Dodging
 + Level 2.9 Stealth
 + Level 2.9 Shields
 + Level 2.9 Unarmed Combat
 + Level 5.8 Spellcasting
 + Level 2.3 Conjurations
 + Level 2.3 Hexes
 + Level 2.3 Summonings
 + Level 2.3 Necromancy
 + Level 2.3 Translocations
 + Level 2.3 Transmutations
 + Level 2.3 Fire Magic
 + Level 2.3 Ice Magic
 + Level 2.3 Air Magic
 + Level 4.5 Earth Magic
 + Level 2.3 Poison Magic
 + Level 3.2 Invocations
 + Level 2.9 Evocations


You had 15 spell levels left.
You knew the following spells:

 Your Spells              Type           Power      Damage    Failure   Level
a - Sandblast             Erth           32%        2d9       3%          1
b - Passwall              Tmut/Erth      10%        N/A       8%          2

Your spell library contained the following spells:

 Spells                   Type           Power      Damage    Failure   Level
 Animate Skeleton         Necr           20%        N/A       8%          1
 Corpse Rot               Necr/Air       20%        N/A       12%         2
 Sublimation of Blood     Necr           10%        N/A       12%         2
 Conjure Flame            Conj/Fire      10%        6-21      24%         3
 Ignite Poison            Fire/Tmut/Pois 10%        N/A       24%         3
 Portal Projectile        Hex/Tloc       20%        N/A       24%         3
 Vampiric Draining        Necr           10%        2d6       24%         3
 Animate Armour           Summ/Erth      26%        N/A       45%         4
 Sticky Flame             Conj/Fire      10%        2d3       61%         4
 Fireball                 Conj/Fire      5%         3d5       91%         5
 Iskenderun's Battlesphe  Conj           10%        2d6       91%         5
 Metabolic Englaciation   Hex/Ice        5%         N/A       91%         5
 Conjure Ball Lightning   Conj/Air       5%         3x3d6     100%        6
 Eringya's Noxious Bog    Tmut/Pois      5%         N/A       100%        6
 Orb of Destruction       Conj           5%         9d5       100%        7


Dungeon Overview and Level Annotations

Branches:
Dungeon (5/15)             Temple (0/1) D:5

Altars:
Kikubaaqudgha
Makhleb
Yredelemnul
The Shining One

Shops:
D:1 [   D:5 *


Innate Abilities, Weirdness & Mutations

You are a tree.
Your roots penetrate the ground, keeping you stationary.
You cannot be teleported.
You are immune to unholy pain and torment.
Your maximum health is greatly increased.
Your equipment is partially melded.
((You have very sharp teeth.))
Your uncanny sense of smell can sniff out nearby items.
Your experience applies equally to all skills.
((You have a pair of small antennae on your head.))
Your mind is acute. (Int +2)
You are clumsy. (Dex -2)
You are robust. (+10% HP)


Message History

* * * LOW HITPOINT WARNING * * *
You feel extremely sick.
There is a stone staircase leading down here.
It was a potion of magic.
Magic courses through your body.
* * * LOW HITPOINT WARNING * * *
You feel very sick.
It was a potion of haste.
You feel yourself speed up.
* * * LOW HITPOINT WARNING * * *
You feel very sick.
It was a potion of lignification.
You turn into a tree.
Your scarf of resistance melds into your body.
Your +1 helmet of intelligence melds into your body.
Your +0 pair of boots melds into your body.
Your +0 leather armour melds into your body.
You feel hot and cold all over.
You feel stupid.
Your roots penetrate the ground.
* * * LOW HITPOINT WARNING * * *
You feel sick.
It was a potion of mutation.
You feel extremely strange.
You feel robust.
You feel clumsy.
You feel clever. A pair of antennae grows on your head!
* * * LOW HITPOINT WARNING * * *
You feel sick.
It was a potion of might.
You feel very mighty all of a sudden.
* * * LOW HITPOINT WARNING * * *
You feel sick.
Okay, then.
Okay, then.
Okay, then.
As you read the scroll labelled BISTRU LESMUIGA, it crumbles to dust.
It is a scroll of enchant armour.
Your +1 buckler of reflection glows green for a moment.
* * * LOW HITPOINT WARNING * * *
You feel sick.
As you read the scroll labelled RUASTR LAYPP, it crumbles to dust.
You feel a strange sense of stasis.
It was a scroll of teleportation.
You die...
Kikubaaqudgha rasps: "You have failed me!
Welcome... death!"

#.P..# #. #....# #. #....#
#. #.#..###############.
#.#...............##.
######.#[##########..).##.
#......#.# #....##.
#........##########....##.
#........♣................
#......_..#########....##.
#.............# #....##.
#...[.........# #....##.
#......#......#########>.<
#......#..................
#......#.####.#########.#.
#####..#.# #......# #.#.
#........# #.####.# #.#.


There were no monsters in sight!

Vanquished Creatures
  A human (D:3)
  Eustachio (D:5)
  A water moccasin (D:5)
  2 ogres (D:5)
  A howler monkey (D:5)
  A human zombie (D:3)
  2 hounds
  Jessica (D:3)
  6 gnolls
  8 adders
  A white imp (D:5)
  A worm (D:3)
  6 orcs (D:5)
  3 bats
  5 endoplasms
  3 giant cockroaches
  6 goblins
  9 hobgoblins
  6 jackals
  10 kobolds
  3 quokkas
  5 ball pythons
  A frilled lizard (D:2)
  A jackal zombie (D:3)
  7 rats
91 creatures vanquished.

Notes
Turn   | Place    | Note
-------+----------+-------------------------------------------
     0 | D:1      | iguanaiguana the Gnoll Wanderer began the quest for the
                  | Orb.
     0 | D:1      | iguanaiguana set off with the following items: a +0 hand
                  | axe, a +0 cloak, a potion of attraction, 21 stones, a +0
                  | leather armour; and the following spell memorised:
                  | Sandblast; and the following spells available to memorise:
                  | Passwall, Animate Armour
     0 | D:1      | Reached XP level 1. HP: 17/17 MP: 6/6
    94 | D:1      | Reached XP level 2. HP: 16/23 MP: 7/7
   102 | D:1      | Learned a level 2 spell: Passwall
   335 | D:1      | Found Cidused's Antique Armour Shoppe.
   654 | D:1      | Found a faded altar of an unknown god.
   700 | D:1      | Reached XP level 3. HP: 28/28 MP: 9/9
   733 | D:1      | Prayed at the altar of an unknown god.
   733 | D:1      | Became a worshipper of Kikubaaqudgha
   733 | D:1      | Reached * piety under Kikubaaqudgha
   733 | D:1      | Received a gift from Kikubaaqudgha
   882 | D:1      | Reached skill level 5 in Spellcasting
  1362 | D:2      | Reached skill level 1 in Invocations
  1588 | D:2      | Reached skill level 1 in Short Blades
  1588 | D:2      | Reached skill level 1 in Long Blades
  1588 | D:2      | Reached skill level 1 in Maces & Flails
  1588 | D:2      | Reached skill level 1 in Polearms
  1588 | D:2      | Reached skill level 1 in Staves
  1588 | D:2      | Reached skill level 1 in Slings
  1588 | D:2      | Reached skill level 1 in Bows
  1588 | D:2      | Reached skill level 1 in Crossbows
  1588 | D:2      | Reached skill level 1 in Throwing
  1588 | D:2      | Reached skill level 1 in Stealth
  1588 | D:2      | Reached skill level 1 in Shields
  1588 | D:2      | Reached skill level 1 in Unarmed Combat
  1588 | D:2      | Reached skill level 1 in Evocations
  1731 | D:2      | Reached ** piety under Kikubaaqudgha
  1899 | D:3      | Reached XP level 4. HP: 29/34 MP: 11/11
  2267 | D:3      | Noticed Jessica
  2276 | D:3      | Killed Jessica
  2277 | D:3      | Reached skill level 1 in Conjurations
  2277 | D:3      | Reached skill level 1 in Hexes
  2277 | D:3      | Reached skill level 1 in Summonings
  2277 | D:3      | Reached skill level 1 in Necromancy
  2277 | D:3      | Reached skill level 1 in Translocations
  2277 | D:3      | Reached skill level 1 in Transmutations
  2277 | D:3      | Reached skill level 1 in Fire Magic
  2277 | D:3      | Reached skill level 1 in Ice Magic
  2277 | D:3      | Reached skill level 1 in Air Magic
  2277 | D:3      | Reached skill level 1 in Poison Magic
  2776 | D:3      | Found a runed translucent door.
  2776 | D:3      | Noticed a human
  2792 | D:3      | Reached XP level 5. HP: 31/40 MP: 9/12
  2863 | D:3      | Found a basalt altar of Yredelemnul.
  2907 | D:3      | Killed a human
  2908 | D:3      | Reached XP level 6. HP: 36/47 MP: 11/14
  3521 | D:4      | Found a glowing golden altar of the Shining One.
  3635 | D:4      | Found a burning altar of Makhleb.
  3772 | D:4      | You fall into a shaft and drop 1 floor!
  3772 | D:5      | Entered Level 5 of the Dungeon
  3938 | D:4      | Got Yprar's Handbook of Bewitching Poison
  4329 | D:1      | Bought a glowing helmet for 202 gold pieces
  4402 | D:5      | Found a staircase to the Ecumenical Temple.
  4519 | D:5      | Reached XP level 7. HP: 52/52 MP: 11/15
  4566 | D:5      | Reached skill level 7 in Dodging
  4807 | D:5      | Noticed Eustachio
  4927 | D:5      | Killed Eustachio
  5346 | D:5      | Reached XP level 8. HP: 60/60 MP: 9/16
  5397 | D:5      | Found Ytivaotte's General Store.
  5694 | D:4      | HP: 4/90 [poisoned by a gnoll sergeant]
  5695 | D:4      | Gained mutation: You are robust. (+10% HP) [potion of
                  | mutation]
  5695 | D:4      | Gained mutation: You are clumsy. (Dex -2) [potion of
                  | mutation]
  5695 | D:4      | Gained mutation: Your mind is acute. (Int +2) [potion of
                  | mutation]
  5695 | D:4      | Gained mutation: You have a pair of small antennae on your
                  | head. [potion of mutation]
  5697 | D:4      | HP: 1/99 [poisoned by a gnoll sergeant]
  5698 | D:4      | Succumbed to a gnoll sergeant's poison

Illustrated notes

Levels and vault maps discovered:
D:1:      lemuel_arrival_lava_pool, layout_basic, serial_shops, shop_fountains,
          ebering_ecumenical_altar_rust
D:2:      layout_basic, small_statue_intersection, hangedman_decor_slide_cut
D:3:      layout_basic, dk_yredelemnul_ordeal, minmay_misc_feat_x, uniq_jessica
D:4:      layout_basic, kennysheep_mini, mainiacjoe_overflow_boulevard,
          minmay_statues_item
D:5:      layout_rooms, minmay_temple_entry_from_below_a, serial_shops,
          nicolae_square_shop, kennysheep_cross_room, kennysheep_windowed_goal,
          uniq_eustachio, uniq_sigmund

Skill      XL: |  1  2  3  4  5  6  7 |
---------------+----------------------+-----
Spellcasting   | 5 |  5.8
Invocations    | 1 2 3 |  3.2
Short Blades   | 1 2 |  2.9
Long Blades    | 1 2 |  2.9
Maces & Flails | 1 2 |  2.9
Polearms       | 1 2 |  2.9
Staves         | 1 2 |  2.9
Slings         | 1 2 |  2.9
Bows           | 1 2 |  2.9
Crossbows      | 1 2 |  2.9
Throwing       | 1 2 |  2.9
Stealth        | 1 2 |  2.9
Shields        | 1 2 |  2.9
Unarmed Combat | 1 2 |  2.9
Evocations     | 1 2 |  2.9
Conjurations   | 1 2 |  2.3
Hexes          | 1 2 |  2.3
Summonings     | 1 2 |  2.3
Necromancy     | 1 2 |  2.3
Translocations | 1 2 |  2.3
Transmutations | 1 2 |  2.3
Fire Magic     | 1 2 |  2.3
Ice Magic      | 1 2 |  2.3
Air Magic      | 1 2 |  2.3
Poison Magic   | 1 2 |  2.3
Fighting       | 3 4 |  4.0
Axes           | 3 4 |  4.0
Armour         | 3 4 |  4.0
Earth Magic    | 4 |  4.5
Dodging        | 7 |  7.2

Action                   |  1- 3 |  4- 6 |  7- 9 || total
-------------------------+-------+-------+-------++-------
Melee: Hand axe          |   101 |       |       ||   101
       Bite              |    16 |    11 |     3 ||    30
       Punch             |     4 |     1 |       ||     5
       Short sword       |    47 |   126 |    41 ||   214
Throw: Dart              |       |     1 |    15 ||    16
       Throwing net      |       |       |     5 ||     5
 Cast: Sandblast         |       |     9 |    42 ||    51
Invok: Receive Corpses   |       |       |     1 ||     1
  Use: Potion            |       |     6 |     5 ||    11
       Scroll            |       |       |     3 ||     3
 Stab: Sleeping          |       |     3 |       ||     3
Armor: Leather armour    |    56 |    27 |    16 ||    99
Dodge: Dodged            |   132 |    94 |    57 ||   283
Block: Buckler           |       |     5 |    33 ||    38
       Reflection        |       |       |     1 ||     1

Table legend: (Time is in decaauts)
 A = Elapsed time spent in this place.
 B = Non-inter-level travel time spent in this place.
 C = Inter-level travel time spent in this place.
 D = Time resting spent in this place.
 E = Time spent auto-exploring this place.
 F = Levels seen in this place.
 G = Mean time per level.
                   A        B        C        D        E       F      G
               +--------+--------+--------+--------+--------+-----+--------+
         Total |   5739 |   5240 |    499 |    888 |   3341 |   5 | 1147.8 |
       Dungeon |   5739 |   5240 |    499 |    888 |   3341 |   5 | 1147.8 |
               +--------+--------+--------+--------+--------+-----+--------+

Top non-repeatable levels by time:
     D:4: 1692 daAuts
     D:3: 1292 daAuts
     D:1: 1110 daAuts
     D:2: 858 daAuts
     D:5: 785 daAuts
